Map: Rhoskallian LE

Players

Yurisan

  • Race: Terran Terran
  • League: Diamond
  • Spawn Location: 12:00

Acxenlupang

  • Race: Protoss Protoss
  • League: Diamond
  • Spawn Location: 11:00

Massa - Winner!

  • Race: Terran Terran
  • League: Platinum
  • Spawn Location: 5:00

qqq - Winner!

  • Race: Zerg Zerg
  • Spawn Location: 6:00

VOD

Have the link to the VOD?

Description

Time

  • Played on: Feb. 23, 2021, 4:52 p.m.
  • Length: 22:56
Show
View Real Time Build Order
Export as new Build Order

Yurisan Terran 

Build Orders:  

Get SALT Encoding   

  12  0:00  SCV  
  13  0:12  SCV  
  14  0:18  Supply Depot  
  14  0:24  SCV  
  15  0:30  Refinery  
  15  0:40  SCV  
  16  0:46  Barracks  
  16  0:52  SCV  
  17  0:57  Refinery  
  17  1:04  SCV  
  18  1:17  SCV  
  19  1:29  SCV  
  20  1:36  Marine  
  21  1:42  Factory  
  21  1:44  Orbital Command  
  21  1:53  Marine  
  22  2:11  Marine  
  23  2:26  Supply Depot  
  23  2:27  Factory Tech Lab  
  23  2:30  Starport  
  23  2:43  Barracks Reactor  
  23  2:47  SCV  
  23  2:49  Supply Depot  
  24  2:54  Siege Tank  
  26  3:12  SCV  
  27  3:13  Starport Reactor  
  27  3:19  Marine x2  
  29  3:24  SCV  
  30  3:30  Siege Tank  
  33  3:34  Supply Depot  
  33  3:39  SCV  
  34  3:42  Marine x2  
  36  3:49  Viking  
  36  3:51  SCV  
  39  3:55  Viking  
  39  4:01  Supply Depot  
  41  4:03  Marine x2  
  41  4:07  SCV  
  44  4:11  Siege Tank  
  47  4:23  SCV, Viking  
  50  4:29  Supply Depot  
  50  4:32  Marine  
  50  4:33  Marine  
  52  4:41  SCV, Engineering Bay  
  53  4:53  SCV  
  53  4:57  Widow Mine  
  53  4:58  Liberator  
  59  5:06  SCV  
  60  5:31  Bunker  
  60  5:35  Supply Depot  
  56  6:15  Missile Turret  
  53  6:23  SCV  
  54  6:26  Command Center  
  54  6:27  Marine x2  
  54  6:31  Barracks  
  49  6:32  Barracks  
  49  6:34  Barracks  
  47  6:53  Terran Infantry Weapons Level 1  
  43  6:54  SCV  
  43  6:56  Barracks  
  38  7:06  SCV  
  39  7:20  Command Center, Medivac, Siege Tank  
  44  7:23  Barracks Reactor x2  
  44  7:24  Barracks Reactor  
  44  7:27  Marine  
  45  7:31  Barracks Tech Lab  
  45  7:33  SCV  
  46  7:39  Missile Turret  
  46  7:45  Barracks Tech Lab  
  46  7:46  Marine  
  46  7:49  SCV x2  
  49  7:57  Marine  
  49  7:58  Marine  
  51  8:01  SCV  
  51  8:04  Orbital Command, Marine  
  53  8:08  Medivac  
  53  8:10  Marine  
  56  8:16  Missile Turret  
  56  8:19  Marine x2  
  58  8:22  Stimpack  
  58  8:24  SCV  
  59  8:31  SCV  
  60  8:37  SCV  
  60  8:41  Marine x2  
  62  8:42  Marauder, Marine x3  
  62  8:43  SCV  
  69  8:49  Engineering Bay  
  69  8:52  SCV  
  64  9:08  SCV x2  
  65  9:10  Refinery, Marine x2  
  65  9:11  Medivac x2  
  65  9:12  Marine x2  
  73  9:22  SCV  
  73  9:23  SCV  
  75  9:35  SCV  
  76  10:05  Marine  
  76  10:06  Marine x2  
  78  10:11  Marine  
  78  10:13  Marine x3  
  77  10:14  SCV  
  77  10:15  SCV  
  77  10:16  Terran Infantry Armor Level 1  
  74  10:22  Barracks, Missile Turret  
  74  10:23  Barracks, Marine x3  
  67  10:29  Marine  
  67  10:31  Marine x3  
  62  10:41  Marine x3  
  60  10:47  Marine  
  60  10:49  Marine x3  
  63  10:58  Marine  
  63  10:59  SCV, Marine x2  
  63  11:00  SCV  
  64  11:05  Marine  
  64  11:07  Marauder, Marine x2  
  66  11:16  Marine  
  66  11:17  Marine x2  
  63  11:23  Marine  
  63  11:24  Barracks Reactor, Barracks Tech Lab, Marine  
  63  11:25  Marine  
  66  11:28  Marine  
  66  11:29  Medivac  
  69  11:34  Refinery, Marine  
  69  11:35  Marine x2, Combat Shield  
  72  11:40  Marine  
  72  11:42  Marine x2  
  72  11:43  SCV  
  72  11:46  Marauder  
  78  12:00  Marine x2  
  74  12:05  Medivac x2  
  74  12:06  SCV x2  
  73  12:10  Command Center  
  73  12:14  Armory  
  73  12:15  Siege Tank  
  76  12:21  Refinery  
  76  12:23  SCV x2  
  78  12:42  Supply Depot  
  78  12:43  Supply Depot  
  78  13:03  Marine x5, Medivac, Supply Depot  
  78  13:04  SCV  
  86  13:05  SCV  
  86  13:07  Supply Depot  
  87  13:15  Barracks Tech Lab  
  87  13:16  SCV  
  87  13:18  SCV  
  65  13:37  Marine x3  
  65  13:38  Marine x8  
  65  13:39  SCV  
  75  13:42  Terran Infantry Weapons Level 2  
  75  13:45  Terran Infantry Armor Level 2  
  75  13:47  Terran Vehicle And Ship Armor Level 1  
  75  13:55  Marine x9  
  76  13:56  Marine  
  67  14:35  Marine  
  67  14:36  Planetary Fortress  
  68  14:40  SCV x2  
  68  14:42  Marauder x2, Marine  
  68  14:43  Medivac, Siege Tank  
  80  14:57  SCV x2  
  80  14:59  Marauder, Marine x2  
  86  15:03  Marauder  
  74  15:25  SCV  
  74  15:26  Marine x4  
  74  15:27  Refinery, Marine x7  
  74  15:28  Refinery, Concussive Shells  
  86  15:44  Marine x5  
  86  15:45  Marauder  
  86  15:49  Marine x3  
  96  15:54  SCV x2  
  96  15:55  SCV  
  96  15:57  Marine  
  96  15:58  Marauder  
  96  16:02  Marine x2  
  81  16:06  SCV  
  58  16:19  Marine  
  58  16:20  Marauder  
  58  16:21  Marine x4  
  65  16:28  Marine  
  55  16:42  SCV  
  51  16:54  SCV  
  42  17:05  Marine x2  
  42  17:06  Marine x8  
  24  17:24  Marine  
  24  17:25  Marauder  
    18:46  Marine  
    20:26  Orbital Command  
Show
View Real Time Build Order
Export as new Build Order

Acxenlupang Protoss 

Build Orders: 1 Gate Expand 

Get SALT Encoding   

  12  0:00  Probe (Chrono Boost)  
  13  0:09  Probe (Chrono Boost)  
  14  0:15  Probe (Chrono Boost)  
  15  0:22  Pylon  
  15  0:42  Gateway  
  15  0:45  Probe, Assimilator  
  16  0:57  Probe  
  17  1:09  Probe  
  18  1:26  Probe  
  18  1:27  Nexus  
  19  1:38  Cybernetics Core  
  19  1:44  Assimilator  
  19  1:50  Probe (Chrono Boost)  
  20  2:02  Probe (Chrono Boost)  
  20  2:08  Warp Gate (Chrono Boost)  
  20  2:10  Probe (Chrono Boost)  
  20  2:14  Pylon  
  21  2:17  Probe  
  22  2:29  Probe  
  23  2:38  Gateway  
  23  2:40  Probe  
  23  2:42  Probe  
  25  2:52  Probe  
  25  2:56  Gateway  
  26  2:58  Pylon  
  26  3:00  Probe  
  27  3:11  Probe  
  28  3:13  Probe  
  28  3:17  Forge  
  29  3:20  Shield Battery  
  29  3:23  Probe  
  29  3:25  Probe  
  31  3:36  Probe (Chrono Boost), Shield Battery  
  31  3:37  Probe (Chrono Boost)  
  33  3:46  Sentry  
  33  3:48  Probe (Chrono Boost)  
  37  3:49  Probe (Chrono Boost)  
  37  3:50  Protoss Ground Weapons Level 1  
  37  3:54  Probe (Chrono Boost)  
  37  3:55  Probe (Chrono Boost)  
  39  4:01  Probe  
  40  4:03  Assimilator  
  40  4:04  Probe  
  41  4:12  Twilight Council  
  41  4:14  Probe  
  42  4:18  Nexus  
  43  4:24  Probe  
  43  4:26  Probe  
  43  4:30  Assimilator  
  44  4:36  Probe  
  44  4:38  Probe  
  46  4:45  Pylon  
  46  4:48  Probe  
  46  4:50  Probe  
  47  5:00  Probe  
  47  5:02  Probe  
  47  5:06  Robotics Facility  
  49  5:08  Robotics Facility  
  49  5:12  Probe, Pylon  
  49  5:13  Blink (Chrono Boost)  
  50  5:31  Probe x3  
  50  5:32  Pylon  
  53  5:42  Sentry x2  
  55  5:43  Probe, Sentry  
  60  5:53  Probe, Immortal x2 (Chrono Boost)  
  60  5:54  Probe  
  60  5:55  Probe  
  71  5:58  Protoss Ground Weapons Level 2 (Chrono Boost)  
  71  6:05  Probe  
  71  6:07  Stargate  
  71  6:08  Stargate  
  71  6:09  Probe  
  73  6:13  Pylon  
  73  6:14  Pylon  
  73  6:17  Photon Cannon  
  73  6:19  Shield Battery  
  73  6:23  Templar Archives  
  73  6:38  Observer (Chrono Boost)  
  73  6:39  Observer (Chrono Boost)  
  75  6:43  Photon Cannon  
  75  6:46  Shield Battery  
  75  6:54  Phoenix x2  
  77  6:56  Assimilator  
  77  7:01  Assimilator  
  79  7:03  Pylon  
  79  7:08  Shield Battery  
  79  7:16  Observer x2  
  79  7:17  Probe x3  
  79  7:21  Phoenix  
  88  7:32  Probe (Chrono Boost)  
  88  7:33  Probe x2 (Chrono Boost)  
  88  7:35  Photon Cannon  
  89  7:38  Phoenix  
  89  7:39  Photon Cannon, Nexus  
  89  7:40  Pylon  
  89  7:42  Probe (Chrono Boost), Shield Battery, Assimilator  
  94  7:44  Probe x2 (Chrono Boost)  
  94  7:46  Phoenix, Assimilator  
  94  7:50  Probe  
  97  7:53  Probe x2  
  99  8:04  Fleet Beacon  
  99  8:05  Stargate x2  
  99  8:10  Stalker x3  
  105  8:23  Probe  
  106  8:30  Psionic Storm  
  106  8:33  High Templar x2  
  109  8:49  Photon Cannon  
  109  8:50  Probe x2  
  109  8:51  Probe  
  109  8:52  Probe, Photon Cannon  
  109  8:54  Shield Battery  
  113  8:55  Shield Battery  
  113  8:58  Pylon  
  113  9:03  Tempest x2 (Chrono Boost)  
  128  9:17  Colossus  
  128  9:18  Tempest (Chrono Boost)  
  128  9:24  Zealot x3  
  134  9:41  Pylon  
  134  9:43  Pylon x2  
  134  9:46  Tempest (Chrono Boost)  
  134  9:48  Gateway  
  134  9:49  Gateway  
  139  9:57  Pylon  
  139  9:58  Pylon  
  144  10:00  High Templar x2, Pylon  
  144  10:03  Tempest (Chrono Boost)  
  144  10:04  Tempest (Chrono Boost)  
  153  10:08  Archon  
  139  10:17  Zealot  
  139  10:19  Archon  
  121  10:32  Stalker x2  
  119  10:40  Gateway  
  119  10:42  Tempest x3, Gateway x2  
  134  10:43  Tempest  
  134  10:45  Gateway  
  134  10:47  Gateway x2  
  147  10:50  Mothership  
  134  11:10  High Templar  
  134  11:11  High Templar  
  138  11:25  Tempest x3  
  151  11:26  Tempest  
  153  12:03  Stalker x3  
  153  12:04  Stalker x5  
  153  12:06  Protoss Air Weapons Level 1 (Chrono Boost)  
  169  12:10  Probe x3  
  169  12:14  Pylon x2  
  172  12:16  Pylon  
  172  12:20  Pylon  
  172  12:23  Pylon  
  172  12:31  Probe, Observer x2  
  172  12:32  Tempest x2  
  172  12:34  Tempest, Archon  
  182  12:40  High Templar  
  182  12:41  High Templar x3  
  182  12:43  Probe  
  182  12:44  Probe  
  190  12:50  Zealot x4  
  178  13:01  Nexus  
  178  13:02  Pylon  
  178  13:03  Archon x2  
  178  13:04  Assimilator  
  158  13:09  Assimilator  
  138  13:13  Stalker  
  138  13:14  Stalker x5  
  138  13:15  Void Ray, Stalker x3  
  160  13:37  High Templar x2  
  160  13:38  High Templar x2, Nexus  
  168  13:48  Charge (Chrono Boost)  
  166  13:53  Flux Vanes  
  160  14:03  Void Ray x2  
  151  14:24  Archon  
  151  14:25  Archon  
  151  14:37  Forge  
  151  14:38  Probe x3  
  152  14:39  High Templar x3  
  152  14:40  High Templar, Forge  
  152  14:41  Gateway  
  162  14:56  Probe x4  
  166  15:11  Probe x2  
  166  15:13  Photon Cannon  
  153  15:31  Archon  
  131  15:38  Void Ray x4  
  133  15:51  High Templar x4, Protoss Ground Armor Level 1 (Chrono Boost)  
  141  16:00  Immortal x2 (Chrono Boost)  
  149  16:15  Void Ray  
  149  16:17  Pylon  
  149  16:18  Void Ray x2  
  149  16:19  Zealot x4, Assimilator  
  149  16:20  Zealot x2  
  173  16:36  Immortal (Chrono Boost)  
  173  16:39  Probe x2, Protoss Air Weapons Level 2  
  179  16:40  Immortal (Chrono Boost)  
  183  16:58  Zealot x5  
  183  16:59  Zealot x3  
  199  17:12  Void Ray x3  
  183  17:16  Immortal  
  185  17:53  Zealot x6  
  185  17:54  Zealot  
  121  18:27  Zealot x4  
  121  18:28  Zealot x5  
  120  18:48  Zealot x5  
  130  18:49  Zealot x4  
  126  19:26  Void Ray x2 (Chrono Boost)  
  126  19:27  Pylon  
  126  19:28  Pylon  
  125  19:32  Pylon x2  
  125  19:33  Void Ray x2 (Chrono Boost)  
  104  19:47  Cybernetics Core  
  104  19:50  Gateway  
  104  19:51  Gateway  
  96  19:59  Archon  
  94  20:00  Void Ray x2 (Chrono Boost)  
  94  20:07  Pylon  
  94  20:08  Pylon  
  94  20:10  Pylon  
  94  20:12  Void Ray x2 (Chrono Boost)  
  102  20:17  Probe  
  109  20:27  Void Ray x2 (Chrono Boost)  
  109  20:29  Robotics Facility  
  109  20:32  Pylon  
  109  20:33  Robotics Facility x2  
  109  20:35  Gateway  
  101  20:36  Gateway  
  101  20:39  Void Ray (Chrono Boost)  
  101  20:40  Gateway  
  109  20:44  Gateway  
  109  20:45  Zealot x4  
  109  20:49  Void Ray (Chrono Boost)  
  122  20:57  Void Ray x2  
  124  21:09  Void Ray  
  108  21:36  Immortal x2  
  108  21:37  Immortal  
  82  22:09  High Templar x2  
  82  22:10  High Templar x4  
  94  22:19  High Templar, Immortal x2 (Chrono Boost)  
  94  22:20  High Templar x2  
  87  22:42  Zealot  
  83  22:48  Archon x2  
Show
View Real Time Build Order
Export as new Build Order

Massa Terran - Winner!

Build Orders: Reaper Expand 

Get SALT Encoding   

  12  0:00  SCV  
  13  0:12  SCV  
  14  0:22  Supply Depot  
  14  0:26  SCV  
  15  0:44  SCV  
  15  0:45  Barracks  
  15  0:48  Refinery  
  16  0:56  SCV  
  17  1:08  SCV  
  18  1:20  SCV  
  19  1:32  Orbital Command  
  19  1:42  Command Center  
  19  1:47  Reaper  
  20  1:58  SCV  
  21  2:06  Supply Depot  
  21  2:10  SCV  
  22  2:19  Marine  
  23  2:33  Factory  
  23  2:36  SCV  
  24  2:39  Refinery  
  24  2:41  Barracks  
  23  3:15  Orbital Command  
  23  3:23  Factory Tech Lab  
  23  3:26  SCV  
  23  3:27  Barracks Reactor, Barracks  
  24  3:32  Engineering Bay  
  24  3:38  SCV  
  28  3:41  Cyclone  
  28  3:48  Barracks Tech Lab  
  28  3:58  Supply Depot  
  28  4:00  SCV x2  
  30  4:05  Marine x2  
  32  4:12  SCV, Missile Turret  
  32  4:15  Armory  
  32  4:16  Terran Infantry Weapons Level 1  
  33  4:18  Barracks Reactor  
  33  4:22  Marine  
  33  4:23  Marine  
  35  4:26  SCV x2  
  35  4:30  Missile Turret  
  37  4:38  Cyclone  
  37  4:40  Marine x2  
  37  4:45  SCV x2  
  44  4:46  Refinery  
  44  4:48  Refinery  
  44  4:55  Marine x2  
  44  4:57  SCV x2  
  44  4:58  Stimpack  
  48  5:04  Engineering Bay  
  48  5:09  SCV x2  
  50  5:21  SCV x2  
  52  5:39  Terran Infantry Armor Level 1, Siege Tank  
  52  5:42  Supply Depot x2  
  54  6:03  Marine x4  
  58  6:04  Supply Depot  
  58  6:05  Supply Depot  
  58  6:06  Supply Depot  
  58  6:07  SCV x2, Supply Depot x2  
  60  6:11  Siege Tank  
  63  6:19  SCV x2  
  63  6:21  Marine x2  
  67  6:40  Mag-Field Accelerator  
  67  6:42  Marauder, Marine x2  
  67  6:43  Marine  
  67  6:44  Combat Shield  
  72  7:04  Marauder  
  71  7:17  Command Center  
  71  7:23  Barracks x2  
  71  7:25  SCV x2  
  73  7:32  Starport  
  73  7:33  Starport  
  73  7:36  Siege Tank  
  76  7:37  SCV x2  
  78  7:49  SCV  
  78  7:50  SCV  
  80  8:02  Terran Infantry Weapons Level 2, Concussive Shells  
  80  8:03  Terran Infantry Armor Level 2  
  80  8:06  Terran Vehicle And Ship Armor Level 1  
  80  8:08  Marine x2  
  80  8:10  Barracks Tech Lab  
  80  8:11  Barracks Reactor  
  80  8:12  Starport Tech Lab  
  82  8:13  Starport Reactor  
  82  8:24  Siege Tank  
  85  8:34  Medivac  
  87  8:50  Marauder x2  
  87  8:51  Marine x4  
  87  8:52  Marine  
  96  9:04  Raven  
  98  9:10  Medivac  
  98  9:11  Medivac  
  98  9:12  Marauder x2  
  106  9:24  Marine  
  106  9:25  Marine x4  
  111  9:33  Marauder x2  
  111  9:34  SCV x2  
  114  9:46  SCV  
  114  9:47  SCV, Raven  
  118  9:56  Command Center, Siege Tank  
  118  9:58  SCV  
  118  9:59  SCV  
  123  10:04  Marauder  
  125  10:07  Marine x3  
  125  10:08  Marauder, Marine  
  125  10:11  SCV  
  91  10:25  Marauder  
  91  10:28  Siege Tank  
  95  10:29  Marauder  
  95  10:34  Medivac  
  99  10:41  Refinery  
  99  10:43  Refinery  
  99  10:47  Marauder  
  101  11:00  Siege Tank  
  104  11:10  Planetary Fortress  
  98  11:24  SCV x2  
  100  11:32  Siege Tank  
  103  11:35  Missile Turret  
  103  11:36  SCV x2  
  105  11:40  Terran Infantry Weapons Level 3, Terran Infantry Armor Level 3, Ghost Academy  
  105  11:41  Terran Vehicle And Ship Armor Level 2  
  105  11:48  SCV x2  
  107  12:00  SCV  
  100  12:04  Siege Tank  
  101  12:10  Marauder x2, Marine x5  
  101  12:11  Marine  
  111  12:20  Raven, Medivac  
  115  12:28  Marine x6  
  119  12:31  Marauder  
  119  12:32  Marauder  
  119  12:36  Siege Tank  
  107  12:43  Planetary Fortress  
  101  12:46  SCV x3  
  104  12:53  Marauder x2  
  104  12:54  Barracks  
  104  12:57  Factory  
  104  12:58  SCV x3  
  111  13:00  Factory  
  111  13:03  Factory  
  111  13:08  Siege Tank  
  111  13:10  SCV x3  
  111  13:12  Supply Depot x3  
  117  13:14  Supply Depot  
  117  13:15  Supply Depot x2  
  117  13:18  Supply Depot  
  117  13:19  Supply Depot x2  
  116  13:20  Supply Depot  
  116  13:21  Supply Depot  
  116  13:22  SCV x3, Corvid Reactor, Supply Depot x2  
  102  13:34  SCV  
  102  13:40  Supply Depot  
  103  13:42  Supply Depot  
  103  13:51  Marauder x2  
  103  13:53  Barracks Tech Lab, Factory Tech Lab x2  
  103  13:54  Factory Tech Lab  
  104  14:12  Marauder  
  104  14:13  Marauder  
  94  14:34  Marauder x2  
  94  14:35  Marauder  
  94  14:36  Marine x6  
  106  14:40  Thor x2  
  106  14:41  Thor x2  
  130  14:46  Refinery  
  130  14:47  Refinery  
  130  14:49  Missile Turret  
  130  14:53  Marine  
  130  14:54  Marine x5  
  130  14:55  Marauder x2, Missile Turret  
  130  14:57  Marauder  
  142  15:11  Marine  
  142  15:12  Marine x5  
  144  15:16  SCV x2  
  144  15:17  SCV x2, Marauder x2  
  144  15:18  Marauder  
  154  15:23  Thor x2  
  166  15:28  SCV x2  
  166  15:29  Marine x4  
  166  15:32  Command Center  
  172  15:38  Marauder x2  
  172  15:39  Marauder  
  178  15:48  Medivac x2  
  178  15:49  Medivac  
  179  16:18  Medivac x2  
  179  16:25  Marauder x3  
  189  16:41  Medivac  
  189  16:46  Marauder  
  193  16:48  Medivac x2  
  182  17:11  Medivac  
  182  17:15  Marauder x3, Marine  
  180  17:16  Marine, Thor x3  
  196  17:36  Marauder  
  196  17:37  Marauder  
  200  17:52  Supply Depot  
  200  17:53  Neosteel Armor, Supply Depot x2  
  200  17:54  Hi-Sec Auto Tracking, Supply Depot  
  200  17:55  Terran Vehicle And Ship Armor Level 3  
  159  18:40  Thor x3  
  123  19:23  Thor  
  127  19:43  Marauder x3, Marine, Thor  
  140  19:54  Planetary Fortress  
  140  19:56  Refinery  
  140  20:01  Refinery  
  140  20:03  Marine x7  
  140  20:04  Marauder x2  
  151  20:34  Thor  
  155  21:03  Drilling Claws  
  147  21:05  Thor  
  147  21:07  Marine  
  147  21:08  Marine x8  
  162  21:25  Marine  
  163  21:26  Marine x3  
  166  21:33  Marauder x2, Marine x3  
Show
View Real Time Build Order
Export as new Build Order

qqq Zerg - Winner!

Build Orders: Hatch First, Brood Lord Corruptor 

Get SALT Encoding   

  12  0:00  Drone  
  13  0:08  Drone  
  14  0:23  Overlord  
  14  0:45  Hatchery  
  14  0:49  Drone  
  14  0:52  Drone  
  15  1:07  Drone x2  
  17  1:22  Extractor, Spawning Pool  
  17  1:23  Drone  
  16  1:27  Drone  
  17  1:38  Drone  
  18  1:43  Drone  
  18  1:45  Extractor  
  19  1:51  Extractor  
  19  2:02  Extractor  
  19  2:13  Drone x2  
  19  2:14  Extractor, Drone x2  
  19  2:15  Queen  
  24  2:16  Queen  
  26  2:25  Drone  
  26  2:26  Drone  
  28  2:30  Overlord  
  28  2:44  Overlord  
  28  2:48  Extractor, Drone  
  28  2:50  Drone  
  29  2:51  Drone  
  29  2:53  Lair  
  29  2:56  Drone  
  31  3:05  Drone  
  32  3:10  Drone  
  33  3:16  Drone  
  34  3:21  Overlord  
  34  3:26  Drone x3  
  37  3:28  Drone  
  37  3:32  Drone  
  39  3:34  Drone x2  
  39  3:35  Drone  
  39  3:39  Extractor  
  39  3:40  Extractor  
  40  3:42  Drone  
  40  3:45  Drone  
  40  3:47  Drone  
  43  3:57  Spire  
  43  4:02  Hatchery  
  41  4:05  Drone  
  42  4:13  Overlord  
  42  4:15  Drone x2  
  44  4:18  Drone x4  
  44  4:21  Drone  
  49  4:25  Overlord  
  49  4:28  Overlord  
  49  4:33  Drone  
  49  4:34  Drone  
  49  4:36  Overlord  
  51  4:42  Infestation Pit  
  51  4:45  Drone  
  51  4:48  Drone  
  51  4:50  Overlord  
  51  4:51  Drone  
  53  4:59  Drone x2  
  55  5:01  Drone  
  56  5:09  Spore Crawler  
  56  5:12  Overseer  
  55  5:14  Pneumatized Carapace  
  55  5:21  Corruptor x3  
  55  5:22  Mutalisk  
  55  5:24  Mutalisk  
  65  5:35  Extractor x2  
  65  5:40  Mutalisk  
  65  5:44  Mutalisk  
  65  5:47  Hatchery  
  64  6:06  Drone x5  
  64  6:07  Drone x2  
  69  6:23  Hive  
  69  6:29  Drone x5  
  67  6:36  Drone  
  67  6:37  Drone x2  
  67  6:38  Drone x2  
  72  6:41  Corruptor  
  72  6:48  Corruptor  
  72  6:49  Corruptor  
  76  7:04  Corruptor  
  78  7:12  Corruptor  
  80  7:15  Overlord  
  80  7:16  Overlord x6  
  80  7:29  Extractor, Spine Crawler, Queen  
  80  7:31  Spore Crawler  
  80  7:32  Spine Crawler  
  80  7:33  Spine Crawler  
  80  7:34  Greater Spire  
  80  7:35  Extractor, Drone x2  
  80  7:36  Drone x3  
  81  7:41  Drone x2  
  83  7:53  Spine Crawler  
  83  7:55  Corruptor x3  
  83  7:57  Drone x4  
  92  8:10  Drone  
  92  8:11  Drone, Corruptor x3  
  100  8:33  Corruptor x2  
  104  8:36  Drone x5  
  104  8:37  Drone x3  
  104  8:39  Extractor  
  104  8:40  Extractor  
  110  8:47  Spine Crawler x2, Spore Crawler  
  107  9:08  Brood Lord x7  
  121  9:12  Overlord x3  
  121  9:13  Drone x6  
  121  9:14  Drone  
  128  9:21  Brood Lord  
  130  9:24  Overseer x2  
  130  9:25  Overlord  
  130  9:26  Drone, Overlord  
  130  9:27  Drone x3  
  134  9:40  Brood Lord  
  134  9:43  Zerg Flyer Weapons Level 1  
  136  9:58  Hatchery  
  135  10:30  Corruptor x3  
  135  10:31  Corruptor x5  
  139  10:39  Spine Crawler x2  
  139  10:41  Spine Crawler  
  127  11:21  Drone x4, Corruptor x3  
  127  11:22  Corruptor  
  127  11:37  Zerg Flyer Armor Level 1  
  119  11:43  Drone x2  
  119  11:44  Drone x5, Corruptor x2  
  128  11:53  Hatchery  
  123  11:54  Corruptor x2  
  127  12:06  Corruptor  
  129  12:11  Zergling x10  
  129  12:12  Zergling x6  
  137  12:16  Drone  
  137  12:20  Spine Crawler x2  
  137  12:21  Spine Crawler x3  
  133  12:22  Spine Crawler  
  133  12:23  Spine Crawler, Spore Crawler  
  133  12:24  Drone, Spore Crawler  
  133  12:25  Drone x2, Spine Crawler x2  
  130  12:41  Corruptor x5  
  130  12:43  Zergling x2  
  130  12:44  Zergling x2  
  131  13:23  Corruptor  
  131  13:24  Corruptor x5  
  130  13:33  Extractor  
  130  13:34  Extractor, Viper  
  129  13:35  Drone x3  
  129  13:36  Drone x2, Overlord x3  
  129  13:40  Brood Lord  
  138  13:49  Brood Lord  
  138  13:52  Drone x5  
  138  13:53  Drone x4  
  147  14:02  Brood Lord  
  145  14:03  Brood Lord  
  145  14:07  Zergling x8  
  131  14:27  Corruptor  
  131  14:29  Brood Lord x2  
  131  14:30  Drone  
  131  14:31  Drone x7  
  136  14:32  Drone x2  
  142  14:41  Drone x2  
  144  14:58  Brood Lord x2  
  144  14:59  Brood Lord x2  
  152  15:00  Zergling x10  
  152  15:01  Zergling x4  
  159  15:08  Drone x4  
  159  15:12  Hatchery  
  156  15:22  Hatchery  
  136  15:28  Corruptor x3  
  136  15:29  Corruptor x3  
  136  15:30  Hatchery  
  135  15:40  Corruptor x3  
  135  15:41  Zergling x6  
  135  15:42  Zergling x6  
  147  15:51  Drone  
  140  16:15  Drone x4  
  140  16:16  Drone x7  
  140  16:17  Drone x2  
  150  16:27  Brood Lord x2  
  150  16:28  Brood Lord x2, Corruptor x2  
  150  16:29  Corruptor  
  156  16:51  Hatchery  
  156  16:53  Spine Crawler x2  
  153  16:54  Spine Crawler  
  153  16:55  Spine Crawler  
  153  16:57  Spine Crawler  
  153  16:58  Spine Crawler  
  153  16:59  Spine Crawler  
  153  17:00  Spine Crawler  
  153  17:01  Spine Crawler  
  146  17:02  Spore Crawler  
  146  17:04  Spore Crawler  
  146  17:05  Spore Crawler  
  146  17:07  Spine Crawler, Corruptor x5  
  146  17:08  Spine Crawler  
  151  17:20  Queen  
  153  17:24  Extractor  
  153  17:25  Extractor  
  153  17:29  Zerg Flyer Weapons Level 2  
  151  17:38  Extractor  
  144  17:50  Corruptor x3  
  144  17:51  Spore Crawler  
  135  17:54  Spore Crawler x2  
  125  17:58  Spore Crawler  
  125  17:59  Spore Crawler  
  125  18:05  Corruptor  
  123  18:11  Spore Crawler  
  118  18:12  Spine Crawler  
  118  18:13  Spine Crawler x3  
  106  18:25  Corruptor x3  
  108  18:28  Drone x3  
  108  18:30  Spine Crawler  
  108  18:32  Spine Crawler  
  108  18:33  Spine Crawler x3  
  104  18:34  Spore Crawler  
  104  18:35  Spine Crawler  
  104  18:39  Spore Crawler  
  97  18:44  Corruptor x3  
  97  18:45  Drone  
  97  18:46  Drone x4  
  108  19:01  Spine Crawler  
  107  19:03  Drone x5  
  112  19:41  Corruptor x7  
  126  19:45  Drone  
  126  19:46  Drone x2  
  126  19:52  Brood Lord  
  130  20:01  Brood Lord  
  131  20:09  Zergling x6  
  131  20:10  Zergling x2  
  135  20:38  Hatchery  
  135  20:39  Drone x2, Spine Crawler  
  135  20:40  Drone  
  136  21:12  Hatchery  
  128  21:23  Corruptor  
  128  21:24  Corruptor  
  122  21:30  Corruptor  
  100  21:45  Corruptor x2  
  100  21:50  Drone x2  
  94  22:08  Zergling x2  
  94  22:09  Zergling x8  
  99  22:23  Spine Crawler  
  99  22:24  Spore Crawler  
  99  22:26  Spine Crawler  
  96  22:31  Spine Crawler  
  95  22:37  Spine Crawler  
  95  22:38  Spine Crawler  
  95  22:39  Spine Crawler  
  95  22:41  Spore Crawler  
  95  22:43  Spine Crawler  
  90  22:46  Spore Crawler  
Tags
 
Add a new tag
Caveats
  • Supply blocks, unpowered buildings, or Contaminate may cause inaccurate times.
  • Supply counts are checked every 10 seconds.